 Dungeon Crawl Stone Soup version 0.16.1-11-g651b585 (webtiles) character file.

342 icu812ruok the Stinger (level 6, 0/29 HPs)
             Began as a Vine Stalker Venom Mage on Apr 3, 2015.
             Slain by Menkaure (6 damage)
             ... on level 4 of the Dungeon.
             The game lasted 00:52:30 (3848 turns).

icu812ruok the Stinger (Vine Stalker Venom Mage)    Turns: 3848, Time: 00:52:30

Health: 0/29       AC:  9    Str: 10    XL:     6   Next: 57%
Magic:  0/15       EV: 11    Int: 17    God:
Gold:   144        SH:  0    Dex: 15    Spells: 3 memorised, 6 levels left

rFire  . . .     SeeInvis .     w - +3 long sword (flame)
rCold  . . .     Clarity  .     f - +0 ring mail
rNeg   . . .     SustAb   .     (no shield)
rPois  .         Gourm    .     (no helmet)
rElec  .         Spirit   +     (no cloak)
rCorr  .         Warding  .     o - +0 pair of gloves
rMut   .         Stasis   .     m - +2 pair of boots
MR     .....                    p - amulet of rage
Stlth  +.........               (no ring)
                                (no ring)

@: not resistant to hostile enchantments, very unstealthy
A: fangs 2, regeneration 2, magic shield, antimagic bite, no device heal 3, rot
immunity
a: Evoke Berserk Rage


You were on level 4 of the Dungeon.
You were full.

You visited 1 branch of the dungeon, and saw 4 of its levels.

You collected 144 gold pieces.

Inventory:

Hand weapons
 d - a +2 dagger of draining
 w - a +3 long sword of flaming (weapon)
Armour
 f - a +0 ring mail (worn)
 m - a +2 pair of boots (worn)
 o - a +0 pair of gloves (worn)
 t - a +0 naga barding
Jewellery
 p - an amulet of rage (around neck)
Magical devices
 s - a wand of fire (4)
Scrolls
 a - a scroll of amnesia {unknown}
 h - 3 scrolls of teleportation
 j - 5 scrolls of remove curse
 k - 2 scrolls of enchant armour
 r - 3 scrolls of fog {unknown}
 u - a scroll of identify
Potions
 c - a potion of cancellation {unknown}
 e - 4 potions of brilliance {unknown}
 i - a potion of might {unknown}
 l - 2 potions of heal wounds {unknown}
 n - a potion of magic {unknown}
Books
 b - a Young Poisoner's Handbook

   Spells                             Type                      Level
   a - Sting                          Conjuration/Poison           1
   b - Cure Poison                    Poison                       2
   c - Mephitic Cloud                 Conjuration/Poison/Air       3
   d - Olgreb's Toxic Radiance        Poison                       4
   e - Venom Bolt                     Conjuration/Poison           5
Comestibles
 g - a bread ration
 q - 3 fruits


   Skills:
 + Level 0.6 Fighting
 + Level 0.5 Short Blades
 + Level 1.3 Armour
 + Level 2.3 Dodging
 + Level 2.4 Stealth
 + Level 3.6 Spellcasting
 + Level 2.8 Conjurations
 + Level 5.2 Poison Magic


You had 6 spell levels left.
You knew the following spells:

 Your Spells              Type           Power        Failure   Level  Hunger
a - Sting                 Conj/Pois      ###.         12%         1    None
b - Cure Poison           Pois           ###.......   10%         2    ##.....
c - Mephitic Cloud        Conj/Pois/Air  ##......     41%         3    ###....


Dungeon Overview and Level Annotations

Branches:
Dungeon (4/15)
 Temple: D:4-7

Altars:
Ashenzari

Annotations:
D:4 Menkaure


Innate Abilities, Weirdness & Mutations

You have extremely sharp teeth.
You heal very quickly.
When hurt, damage is shared between your health and your magic reserves.
Your bite disrupts and absorbs the magic of your enemies.
Potions and wands cannot restore your health.
You are immune to rotting.


Message History

Menkaure is moderately damaged.
The bat hits you but does no damage. The bat completely misses you.
Menkaure hits you!!
You hit Menkaure. You burn Menkaure. Your bite misses Menkaure.
Menkaure is moderately damaged.
The bat hits you but does no damage. Menkaure hits you!!
* * * LOW HITPOINT WARNING * * *
The bat barely misses you. The bat hits you but does no damage. x2
Menkaure blazes with dark energy!
The bat misses you.
Casting: Sting
Confirm with . or Enter, or press ? or * to list all spells.
Aiming: Sting
Press: ? - help, Shift-Dir - straight line, f - Menkaure
Aim: Menkaure (moderately damaged)
The sting hits Menkaure.
Menkaure appears unharmed.
Menkaure is moderately damaged.
The bat closely misses you. Menkaure hits you!
You die...

#...# #.# #...#
#.# ###..## #.#
....########
#.# #
.#.........#
#.# .#
#########.#
#.###.#
#.####.#...#
#.#.##....#
..###...M@.#
..!.....##.b..#
######..
##....... #..
###.###.# #..
.# ... .# ##.M
$# #.. .# . .


You could see Menkaure and a bat.

Vanquished Creatures
  An orc priest (D:3)
  A worker ant (D:4)
  An iguana (D:4)
  An orc wizard (D:4)
  3 gnolls (D:2)
  9 adders
  3 worms
  6 giant geckos
  An ooze (D:1)
  3 orcs (D:3)
  A ball python (D:2)
  7 bats
  7 giant cockroaches
  9 goblins
  12 hobgoblins
  13 jackals
  6 kobolds
  2 quokkas
  3 giant newts
  10 rats
99 creatures vanquished.

Notes
Turn   | Place    | Note
--------------------------------------------------------------
     0 | D:1      | icu812ruok, the Vine Stalker Venom Mage, began the quest for the Orb.
     0 | D:1      | Reached XP level 1. HP: 9/9 MP: 3/3
   270 | D:1      | Reached XP level 2. HP: 13/13 MP: 1/5
   806 | D:1      | Reached XP level 3. HP: 16/16 MP: 5/7
  1462 | D:2      | Found a shattered altar of Ashenzari.
  1530 | D:2      | Reached skill level 1 in Conjurations
  1603 | D:2      | Reached XP level 4. HP: 21/21 MP: 7/9
  2435 | D:2      | Reached skill level 5 in Poison Magic
  2451 | D:2      | Reached XP level 5. HP: 21/24 MP: 13/13
  2758 | D:3      | Learned a level 2 spell: Cure Poison
  3053 | D:3      | Reached skill level 1 in Armour
  3375 | D:3      | Gained mutation: You heal very quickly. [vine stalker growth]
  3375 | D:3      | Reached XP level 6. HP: 29/29 MP: 15/15
  3762 | D:4      | Learned a level 3 spell: Mephitic Cloud
  3835 | D:4      | Noticed Menkaure
  3848 | D:4      | Slain by Menkaure

Action                   |  1- 3 |  4- 6 || total
-------------------------+-------+-------++-------
Melee: Dagger            |    42 |   113 ||   155
       Long sword        |       |    13 ||    13
 Cast: Sting             |    44 |    66 ||   110
  Use: Scroll            |       |     6 ||     6
 Stab: Sleeping          |       |     1 ||     1
  Eat: Bread ration      |     2 |       ||     2
       Fruit             |       |     1 ||     1
       Beef jerky        |       |     1 ||     1
       Meat ration       |       |     1 ||     1
